 Dungeon Crawl Stone Soup version 0.29-a0-824-gd827844252 (webtiles) character file.

Game seed: 15546847189529176891

270 Malachi the Slasher (level 6, -2/44 HPs)
             Began as a Demonspawn Gladiator on July 9, 2022.
             Slain by a scorpion (4 damage)
             ... on level 4 of the Dungeon.
             The game lasted 00:04:16 (3660 turns).

Malachi the Slasher (Demonspawn Gladiator)          Turns: 3660, Time: 00:04:17

Health: -2/44      AC:  8    Str: 22    XL:     6   Next: 1%
Magic:  6/6        EV:  8    Int:  9    God:
Gold:   104        SH:  0    Dex: 15    Spells: 5/5 levels left

rFire   + . .      SeeInvis .   a - +0 long sword
rCold   + . .      Faith    .   (no shield)
rNeg    . . .      Spirit   .   n - +0 chain mail
rPois   .          Reflect  .   (helmet restricted)
rElec   .          Harm     .   (no cloak)
rCorr   .          Rampage  .   (no gloves)
Will    .....                   (no boots)
Stlth   ..........              l - amulet of magic regeneration
HPRegen 0.14/turn               q - ring of protection from fire
MPRegen 0.50/turn               o - ring of protection from cold

@: brilliant, lethally poisoned (-2 -> -9), invisible
A: antennae 2, big brain 1, talons 1, strong 2, wild magic 1
a: no special abilities


You were on level 4 of the Dungeon.
You visited 1 branch of the dungeon, and saw 5 of its levels.

You collected 104 gold pieces.

Inventory:

Hand Weapons
 a - a +0 long sword (weapon)
Missiles
 d - 3 throwing nets (quivered)
 e - 3 javelins
 k - 6 poisoned darts
Armour
 b - a +0 leather armour
 c - a +0 helmet
 n - a +0 chain mail (worn)
Magical Staves
 m - a staff of poison
Jewellery
 h - a ring of wizardry
 l - an amulet of magic regeneration (around neck)
 o - a ring of protection from cold (right hand)
 q - a ring of protection from fire (left hand)
 t - a ring of ice
Wands
 y - a wand of roots (11)
Scrolls
 g - 2 scrolls of enchant weapon
 i - a scroll of fear
 p - a scroll of blinking {unknown}
 r - 2 scrolls of brand weapon {unknown}
 s - a scroll of noise {unknown}
 u - a scroll of fog {unknown}
 z - a scroll of magic mapping {unknown}
Potions
 v - a potion of heal wounds


   Skills:
 - Level 2.0 Fighting
 * Level 5.7 Long Blades
 + Level 1.9 Throwing
 + Level 1.5 Armour
 - Level 2.6 Dodging
 + Level 0.3 Stealth


You had 5 spell levels left.
You didn't know any spells.
Your spell library contained the following spells:

 Spells                   Type           Power      Damage    Failure   Level
 Necrotise                Necr           0%         1d4       99%         1
 Ignite Poison            Fire/Tmut/Pois 0%         N/A       100%        3
 Mephitic Cloud           Conj/Pois/Air  0%         N/A       100%        3
 Vampiric Draining        Necr           0%         2d6       100%        3
 Agony                    Necr           0%         N/A       100%        5
 Freezing Cloud           Conj/Ice/Air   0%         6-21      100%        5


Dungeon Overview and Level Annotations

Branches:
Dungeon (5/15)
 Temple: D:4-7

Altars:

Annotations:
D:5 Edmund


Innate Abilities, Weirdness & Mutations

You have a pair of antennae on your head.
You have an unusually large brain. (Int +2)
You have sharp toenails.
Your muscles are very strong. (Str +8, Int/Dex -2)
Your spells are a little harder to cast, but a little more powerful.


Message History

You feel very sick. The scorpion stings you.
* * * LOW HITPOINT WARNING * * *
It was a potion of heal wounds.
You feel much better.
You feel very sick. The scorpion stings you.
You barely miss the scorpion.
The scorpion is moderately wounded.
You feel very sick. The scorpion barely misses you.
The scorpion closely misses you.
You hit the scorpion.
The scorpion is heavily wounded.
* * * LOW HITPOINT WARNING * * *
You feel very sick. The scorpion stings you.
* * * LOW HITPOINT WARNING * * *
You completely miss the scorpion.
The scorpion is heavily wounded.
* * * LOW HITPOINT WARNING * * *
You feel very sick.
The scorpion stings you but does no damage.
It was a potion of invisibility.
You fade into invisibility!
* * * LOW HITPOINT WARNING * * *
You feel sick. The scorpion barely misses you. The scorpion closely misses you.
It was a potion of curing.
You feel better. The scorpion stings you.
* * * LOW HITPOINT WARNING * * *
You are lethally poisoned!
The scorpion poisons you!
You barely miss the scorpion.
The scorpion is heavily wounded.
* * * LOW HITPOINT WARNING * * *
You feel very sick.
The scorpion stings you but does no damage.
It was a potion of mutation.
You feel extremely strange.
You feel stronger.
Your toenails lengthen and sharpen.
You feel less in control of your magic.
You feel stronger.
* * * LOW HITPOINT WARNING * * *
You feel sick. The scorpion stings you.
You die...

#.# #.#..##....#.#
#.. #.#..##...##.#
#.. ##.#.###...##..
#.. ##......#...##.#
#.. ##.#.#.#.#...##<#
#..##.#..#.........>.
#.†#.###.#.#.###.##.#
#...## #.....# #†##.#
#..#@# #.#.# # #.##.#
#....s#...... ..##.#
.................
.###.#
####......#######.#
#.# ######.# . #.# .#
#. .# .#


You could see a scorpion (unable to see you).

Vanquished Creatures
  Sigmund (D:2)
  A hound (D:4)
  2 adders (D:3)
  2 worms (D:2)
  2 dart slugs
  An orc (D:3)
  A giant cockroach (D:2)
  8 hobgoblins
  7 kobolds
  2 quokkas (D:2)
  8 ball pythons
  8 bats
  5 frilled lizards
  3 goblins
  5 rats
56 creatures vanquished.

Vanquished Creatures (others)
  2 demonic plants (D:2)
2 creatures vanquished.

Grand Total: 58 creatures vanquished

Notes
Turn   | Place    | Note
-------+----------+-------------------------------------------
     0 | D:1      | Malachi the Demonspawn Gladiator began the quest for the
                  | Orb.
     0 | D:1      | Reached XP level 1. HP: 16/16 MP: 1/1
   363 | D:1      | Reached skill level 3 in Long Blades
   363 | D:1      | Gained mutation: You have an unusually large brain. (Int
                  | +2) [demonic ancestry]
   363 | D:1      | Reached XP level 2. HP: 22/22 MP: 2/2
  1209 | D:2      | Reached XP level 3. HP: 26/27 MP: 3/3
  1391 | D:2      | Noticed Sigmund
  1410 | D:3      | Reached skill level 4 in Long Blades
  1981 | D:3      | Gained mutation: You have a pair of small antennae on your
                  | head. [demonic ancestry]
  1981 | D:3      | Reached XP level 4. HP: 21/33 MP: 4/4
  2320 | D:3      | You fall into a shaft and drop 2 floors!
  2320 | D:5      | Entered Level 5 of the Dungeon
  2336 | D:5      | Noticed Edmund
  2351 | D:5      | Noticed an ogre
  3282 | D:2      | Killed Sigmund
  3283 | D:2      | Reached skill level 5 in Long Blades
  3283 | D:2      | Reached skill level 1 in Armour
  3283 | D:2      | Gained mutation: You have a pair of antennae on your head.
                  | [demonic ancestry]
  3283 | D:2      | Reached XP level 5. HP: 35/38 MP: 5/5
  3361 | D:2      | Reached XP level 6. HP: 38/44 MP: 6/6
  3407 | D:2      | Found a faded altar of an unknown god.
  3660 | D:4      | Gained mutation: Your muscles are strong. (Str +4, Int/Dex
                  | -1) [potion of mutation]
  3660 | D:4      | Gained mutation: You have sharp toenails. [potion of
                  | mutation]
  3660 | D:4      | Gained mutation: Your spells are a little harder to cast,
                  | but a little more powerful. [potion of mutation]
  3660 | D:4      | Gained mutation: Your muscles are very strong. (Str +8,
                  | Int/Dex -2) [potion of mutation]
  3660 | D:4      | HP: 2/44 [poisoned by a scorpion]
  3660 | D:4      | Slain by a scorpion

Illustrated notes

Levels and vault maps discovered:
D:1:      lemuel_arrival_muddy, layout_loops_cross
D:2:      layout_rooms, dreamdust_ecumenical_altar_sealed_demon, uniq_sigmund
D:3:      layout_basic, serial_bayou_pond_b, minmay_misc_feat_ornament
D:4:      layout_loops_ring
D:5:      layout_loops_cross, fedhas_altar_2, ashenzari_conservatory_becter,
          minmay_temple_entry_trees, serial_shops, nicolae_diamond_shop,
          uniq_ijyb, uniq_edmund

Skill      XL: |  1  2  3  4 |
---------------+-------------+-----
Long Blades    | 3 4 5 |  5.7
Armour         | 1 |  1.5
Fighting       | |  2.0
Throwing       | |  1.9
Dodging        | |  2.6
Stealth        | |  0.3

Action                   |  1- 3 |  4- 6 || total
-------------------------+-------+-------++-------
Melee: Long sword        |   127 |    45 ||   172
       Punch             |     1 |     1 ||     2
  Use: Scroll            |       |     4 ||     4
       Potion            |       |     5 ||     5
 Stab: Distracted        |     1 |       ||     1
Armor: Leather armour    |    14 |       ||    14
       Chain mail        |    57 |    18 ||    75
Dodge: Dodged            |    67 |    18 ||    85

Table legend: (Time is in decaauts)
 A = Elapsed time spent in this place.
 B = Non-inter-level travel time spent in this place.
 C = Inter-level travel time spent in this place.
 D = Time resting spent in this place.
 E = Time spent auto-exploring this place.
 F = Levels seen in this place.
 G = Mean time per level.
                   A        B        C        D        E       F      G
               +--------+--------+--------+--------+--------+-----+--------+
         Total |   3697 |   3542 |    155 |    877 |   2098 |   5 |  739.4 |
       Dungeon |   3697 |   3542 |    155 |    877 |   2098 |   5 |  739.4 |
               +--------+--------+--------+--------+--------+-----+--------+

Top non-repeatable levels by time:
     D:1: 1392 daAuts
     D:3: 1137 daAuts
     D:2: 721 daAuts
     D:4: 406 daAuts
     D:5: 39 daAuts
